 Dungeon Crawl Stone Soup version 0.30-a0-1112-gfb780f5df6 (webtiles) character file.

Game seed: 2386142623811696651

21791 leviel the Severer (level 12, -6/113 HPs)
             Began as a Hill Orc Fighter on Apr 19, 2023.
             Was a High Priest of the Shining One.
             Mangled by a wolf spider simulacrum (28 damage)
             ... in a Gauntlet.
             The game lasted 00:26:36 (14493 turns).

leviel the Severer (Hill Orc Fighter)              Turns: 14493, Time: 00:26:36

Health: -6/113     AC: 21    Str: 23    XL:     12   Next: 93%
Magic:  27/27      EV:  8    Int:  7    God:    the Shining One [*****.]
Gold:   322        SH: 17    Dex: 14    Spells: 11/11 levels left

rFire   . . .      SeeInvis +    r - +4 war axe
rCold   . . .      Faith    +    c - +0 buckler
rNeg    + + .      Spirit   .    g - +0 plate armour
rPois   .          Reflect  .    (no helmet)
rElec   .          Rampage  .    i - +0 cloak
rCorr   .          NoTele   +    (no gloves)
Will    .....                    e - +0 pair of boots Stlth
                                 k
                                   - Hermit's Pendant {Faith Invo=14 Evo=0 MP+5}
HPRegen 0.38/turn                v - +4 ring of protection
MPRegen 0.20/turn                x - ring of see invisible

@: divinely shielded, glowing
A: agile 1, mutation resistance 1
a: Renounce Religion, Divine Shield, Cleansing Flame, Summon Divine Warrior


You were in a Gauntlet.
You worshipped the Shining One.
The Shining One was extremely pleased with you.
You visited 3 branches of the dungeon, and saw 15 of its levels.
You also visited: Bailey and Gauntlet.

You collected 1001 gold pieces.
You spent 679 gold pieces at shops.

Inventory:

Hand Weapons
 r - a +4 war axe (weapon)
 C - the +8 longbow "Zephyr" {speed, Dex+3 SInv}
   (You found it in a bailey)

   Dex:       It affects your dexterity (+3).
   SInv:      It lets you see invisible.
 K - the +1 shortbow "Vesyohag" {flame, MP+9 Str+4}
   (You found it in a Gauntlet)

   Str:       It affects your strength (+4).
   MP:        It affects your magic capacity (+9).
Missiles
 h - 33 poisoned darts (quivered)
Armour
 c - a +0 buckler (worn)
 e - a +0 pair of boots (worn)
 g - a +0 plate armour (worn)
 i - a +0 cloak (worn)
 D - +0 ice dragon scales {rC++ rF-}
Jewellery
 k - the Hermit's Pendant (around neck) {Faith Invo=14 Evo=0 MP+5}
   (You found it on level 7 of the Dungeon)

   [amulet of faith]

   Invo=14: It sets your Invocations skill to 14.
   Evo=0: It sets your Evocations skill to 0.
   It allows you to gain divine favour quickly.
   MP:        It affects your magic capacity (+5).
 t - a +6 ring of dexterity
 v - a +4 ring of protection (left hand)
 x - a ring of see invisible (right hand)
 y - a +6 ring of strength
 F - the ring "Irocots" {rC+ Int+3 SInv}
   (You found it in a Gauntlet)

   [ring of see invisible]

   Int:       It affects your intelligence (+3).
   rC:        It protects you from cold.
   SInv:      It lets you see invisible.
 H - a +6 ring of intelligence
Wands
 p - a wand of charming (3)
 s - a wand of iceblast (10)
 u - a wand of polymorph (11)
 E - a wand of digging (7)
Scrolls
 a - 5 scrolls of fog
 j - 4 scrolls of butterflies
 o - 2 scrolls of fear
 q - 4 scrolls of teleportation
 w - a scroll of blinking
 I - a scroll of poison {unknown}
Potions
 b - a potion of flight
 f - 7 potions of curing
 l - 3 potions of mutation
 m - 2 potions of invisibility
 n - 3 potions of lignification
 z - a potion of might
 A - a potion of haste
 B - a potion of resistance
 G - a potion of berserk rage
Miscellaneous
 J - a box of beasts


   Skills:
 * Level 12.8 Fighting
 - Level 16.0 Axes
 + Level 5.4 Throwing
 + Level 10.7 Armour
 + Level 4.9 Dodging
 + Level 7.6 Shields
 - Level 5.6(14.0) Invocations
 - Level 2.4(0.0) Evocations


You had 11 spell levels left.
You didn't know any spells.
Your spell library contained the following spells:

 Spells                   Type           Power      Damage    Failure   Level
 Poisonous Vapours        Pois/Air       0%         N/A       100%        2
 Mephitic Cloud           Conj/Pois/Air  0%         N/A       100%        3
 Manifold Assault         Tloc           0%         N/A       100%        4
 Freezing Cloud           Conj/Ice/Air   0%         6-21      100%        5
 Dispersal                Tloc           0%         N/A       100%        6
 Disjunction              Tloc           0%         N/A       100%        8


Dungeon Overview and Level Annotations

Branches:
Dungeon (12/15)            Temple (1/1) D:6            Lair (0/5) D:8
    Orc (2/2) D:11            Elf (0/3) Orc:2        Bailey (visited)
Gauntlet (1/1)

Altars:
Ashenzari
Cheibriados
Dithmenos
Elyvilon
Fedhas
Gozag
Hepliaklqana
Kikubaaqudgha
Makhleb
Nemelex Xobeh
Okawaru
Qazlal
Ru
Sif Muna
Trog
Uskayaw
Vehumet
Wu Jian
Xom
Yredelemnul
Zin
The Shining One

Shops:
D:3 *   D:6 !   D:9 *   D:12 ?!   Orc:1 *

Portals:
Ice
Cave: D:12

Annotations:
D:4 Pikel
D:7 2 transporters, Likado's ghost, novice DrCj Gauntlet 9 transporters, 2 runed translucent doors


Innate Abilities, Weirdness & Mutations

You are agile. (Dex +4, Str/Int -1)
You are somewhat resistant to further mutation.


Message History

[Y]es or [N]o only, please.
Really walk into that cloud of freezing vapour?
Okay, then.
You slash the redback simulacrum!
The redback simulacrum is severely damaged.
You block the redback simulacrum's attack.
You slice the redback simulacrum!!
The redback simulacrum vaporises!
The Shining One accepts your kill.
You hit the wolf spider simulacrum.
The wolf spider simulacrum is lightly damaged.
You block the wolf spider simulacrum's attack.
The wolf spider simulacrum barely misses you.
You hit the wolf spider simulacrum but do no damage.
The wolf spider simulacrum is lightly damaged.
You block the wolf spider simulacrum's attack.
The wolf spider simulacrum closely misses you.
You slash the wolf spider simulacrum!
The wolf spider simulacrum is severely damaged.
You block the wolf spider simulacrum's attack.
The wolf spider simulacrum bites you! The wolf spider simulacrum freezes you!
* * * LOW HITPOINT WARNING * * *
The wolf spider simulacrum attacks as you move away!
You block the wolf spider simulacrum's attack.
The wolf spider simulacrum bites you.
* * * LOW HITPOINT WARNING * * *
The wolf spider simulacrum freezes you!!
* * * LOW HITPOINT WARNING * * *
You feel much better.
You block the wolf spider simulacrum's attack.
The wolf spider simulacrum barely misses you.
The wolf spider simulacrum hits you!
* * * LOW HITPOINT WARNING * * *
The wolf spider simulacrum freezes you!
* * * LOW HITPOINT WARNING * * *
The wolf spider simulacrum closely misses you.
You feel much better. The wolf spider simulacrum hits you.
* * * LOW HITPOINT WARNING * * *
The wolf spider simulacrum freezes you!!
You die...

....8.....8...............## ##
.................8.....8.## #.#
##########...............≈##..##
.........#...#########...##.....
..##.##..#...#.......#...#....#
.##...##.#####.#+###/#...#.8©.#
.#.....#.#...#.#..~#?#...#....##
....©...©#©.©#.#.©~#©#.8.#.8©...
.#.....#.#...#.#@.≈#.#...#....##
.##...##.#####.#Z###"#...#.8©.#
..##.##..#...#.......#...#....#
.........#...#########...##.....
##########...............≈##..##
.................8.....8.## #.#
....8.....8...............## ##
............###########...§#
#########...#ZZ###.#.##...##


You could see a wolf spider simulacrum.

Vanquished Creatures
  A yaktaur captain (D:11)
  A centaur warrior (D:11)
  2 two-headed ogres
  A boulder beetle (D:11)
  Urug (D:12)
  A deep elf pyromancer (D:9)
  2 ugly things
  A manticore (D:11)
  An orange demon (Gauntlet)
  A gargoyle (Bailey)
  A komodo dragon (D:10)
  A yaktaur (D:11)
  2 trolls
  2 hornets
  A vampire (Bailey)
  2 wraiths
  A wyvern (D:8)
  11 yaks
  5 steam dragons
  A death yak simulacrum (D:12)
  A redback simulacrum (Gauntlet)
  4 vampire mosquitoes
  4 chaos spawn (D:8)
  A harpy simulacrum (Gauntlet)
  6 wargs
  2 acid dragons
  5 orc warriors
  A sky beast (D:8)
  3 ice beasts
  A meliai simulacrum (Gauntlet)
  8 ogres
  3 centaurs
  4 lemures (D:4)
  5 kobold brigands
  A gnoll sergeant (D:9)
  A bullfrog (D:9)
  2 scorpions
  A cane toad simulacrum (D:12)
  16 wights
  10 killer bees
  8 vampire bats (Bailey)
  6 wolf zombies (Bailey)
  2 electric eels (D:8)
  7 howler monkeys
  2 gnoll boudas
  6 hounds
  3 jellies
  9 orc priests
  4 iguanas
  3 sleepcaps
  10 orc wizards
  A troll simulacrum (D:12)
  10 gnolls
  3 adders
  5 naga simulacra (D:12)
  3 white imps
  An ufetubus (D:6)
  2 worms
  3 dart slugs
  54 orcs
  2 ball pythons
  4 endoplasms
  4 giant cockroaches
  7 goblins
  8 hobgoblins
  6 jackals
  4 quokkas
  2 bats
  4 frilled lizards
  25 kobolds
  24 orc zombies (Bailey)
  5 rats
355 creatures vanquished.

Vanquished Creatures (collateral kills)
  A green death (Gauntlet)
  An orc knight (Orc:1)
  A cyclops (D:9)
  2 kobold demonologists (D:9)
  An orc warrior (D:9)
  An ogre (Orc:1)
  2 bullfrogs (D:9)
  A gnoll sergeant (D:9)
  3 wights (D:9)
  3 killer bees (D:9)
  2 orc wizards (D:9)
  6 gnolls (D:9)
  A kobold (D:9)
25 creatures vanquished.

Vanquished Creatures (others)
  11 fungi (D:2)
  A plant (D:2)
  4 withered plants (Gauntlet)
16 creatures vanquished.

Grand Total: 396 creatures vanquished

Notes
Turn   | Place    | Note
-------+----------+-------------------------------------------
     0 | D:1      | leviel the Hill Orc Fighter began the quest for the Orb.
     0 | D:1      | Reached XP level 1. HP: 19/19 MP: 1/1
    46 | D:1      | Reached skill level 3 in Axes
    81 | D:1      | Reached XP level 2. HP: 26/26 MP: 2/2
    85 | D:1      | Reached skill level 4 in Axes
   623 | D:1      | Reached XP level 3. HP: 31/31 MP: 3/3
  1198 | D:2      | Reached skill level 5 in Axes
  1696 | D:2      | Found a faded altar of an unknown god.
  2080 | D:3      | Reached XP level 4. HP: 39/39 MP: 4/4
  2184 | D:3      | Found Gikown's Assorted Antiques.
  2194 | D:3      | Reached skill level 6 in Axes
  2214 | D:3      | Bought a scroll labelled BUMAIX HIOFU for 25 gold pieces
  2214 | D:3      | Bought a scroll labelled GOAT HIULUCAI for 25 gold pieces
  2214 | D:3      | Bought a green potion for 22 gold pieces
  2214 | D:3      | Bought a metallic coppery potion for 22 gold pieces
  2379 | D:3      | Reached XP level 5. HP: 45/45 MP: 5/5
  2644 | D:4      | Reached skill level 7 in Axes
  2718 | D:4      | Reached skill level 8 in Axes
  2718 | D:4      | Reached XP level 6. HP: 7/51 MP: 6/6
  3343 | D:4      | Reached skill level 9 in Axes
  3484 | D:4      | Gained mutation: You are agile. (Dex +4, Str/Int -1)
                  | [potion of mutation]
  3484 | D:4      | Gained mutation: You are somewhat resistant to further
                  | mutation. [potion of mutation]
  3840 | D:4      | Found a shadowy altar of Dithmenos.
  3841 | D:4      | Found a snail-covered altar of Cheibriados.
  3998 | D:5      | Entered Level 5 of the Dungeon
  3998 | D:5      | Noticed Pikel
  4262 | D:5      | Reached XP level 7. HP: 49/57 MP: 7/7
  4336 | D:5      | Reached skill level 10 in Axes
  4644 | D:5      | Reached skill level 11 in Axes
  5150 | D:5      | Reached skill level 14 in Axes
  5150 | D:5      | Reached XP level 8. HP: 78/78 MP: 8/8
  5187 | D:6      | Reached XP level 9. HP: 55/83 MP: 9/9
  5332 | D:6      | Found Xomuh's Distillery.
  5341 | D:6      | Bought a potion of heal wounds for 55 gold pieces
  5341 | D:6      | Bought a potion of heal wounds for 55 gold pieces
  5432 | D:6      | Found a staircase to the Ecumenical Temple.
  5462 | Temple   | Entered the Ecumenical Temple
  5753 | Temple   | Became a worshipper of the Shining One
  5814 | D:6      | Reached skill level 15 in Axes
  5970 | D:6      | Reached * piety under the Shining One
  6190 | D:6      | Found a hide-covered altar of Uskayaw.
  6329 | D:7      | Identified the +8 dire flail "Emaralir" {speed, rN+ Str+5
                  | Stlth-}
  6329 | D:7      | Identified the +5 dire flail "Pafud" {flame, Int+2}
  6329 | D:7      | Noticed a two-headed ogre
  6329 | D:7      | Found a transporter.
  6573 | D:7      | Found a transporter.
  6587 | D:7      | Noticed Likado's ghost (novice DrCj)
  6668 | D:7      | Reached skill level 16 in Axes
  6702 | D:7      | Reached skill level 1 in Invocations
  6702 | D:7      | Reached XP level 10. HP: 81/91 MP: 10/10
  7165 | D:7      | Reached skill level 1 in Evocations
  7215 | D:7      | Found the Hermit's Pendant {Faith Invo=14 Evo=0 MP+5}
  7237 | D:7      | Reached skill level 1 in Throwing
  7433 | D:7      | Reached skill level 1 in Dodging
  7556 | D:8      | Found a staircase to the Lair.
  7556 | D:8      | Reached ** piety under the Shining One
  8028 | D:8      | Found a shimmering altar of Xom.
  8028 | D:8      | Found the +7 mace of Variability {chaos, chaos arc}
  8553 | D:8      | Found a blossoming altar of Fedhas.
  8964 | D:8      | Found a sparkling altar of Nemelex Xobeh.
  9110 | D:9      | Found a flagged portal.
  9122 | Bailey   | Entered a bailey
  9151 | Bailey   | Reached *** piety under the Shining One
  9206 | Bailey   | Reached **** piety under the Shining One
  9210 | Bailey   | Reached XP level 11. HP: 99/99 MP: 21/21
  9289 | Bailey   | Reached skill level 10 in Fighting
  9304 | Bailey   | Found the +8 longbow "Zephyr" {speed, Dex+3 SInv}
  9373 | Bailey   | Identified the +0 robe of Namoleoq {*Slow Will- SInv
                  | Stlth+}
  9391 | Bailey   | Reached ***** piety under the Shining One
  9634 | D:9      | Reached skill level 5 in Shields
  9804 | D:9      | Found Cann's Overcharged Wands.
  9953 | D:9      | Noticed a cyclops
  9953 | D:9      | Noticed a deep elf pyromancer
  9961 | D:9      | Killed a deep elf pyromancer
  9969 | D:9      | Killed a cyclops
  9970 | D:9      | Reached skill level 5 in Invocations
 10593 | D:10     | Entered Level 10 of the Dungeon
 10602 | D:10     | Noticed a two-headed ogre
 10611 | D:10     | Killed a two-headed ogre
 11181 | D:10     | Noticed an ogre mage
 11467 | D:11     | Noticed a two-headed ogre
 11477 | D:11     | Killed a two-headed ogre
 11575 | D:11     | Reached XP level 12. HP: 100/108 MP: 22/22
 11662 | D:11     | Found a staircase to the Orcish Mines.
 11900 | D:11     | Reached skill level 10 in Armour
 12320 | D:11     | Noticed a boulder beetle
 12320 | D:11     | Noticed a centaur warrior
 12320 | D:11     | Noticed a yaktaur captain
 12346 | D:11     | Killed a yaktaur captain
 12360 | D:11     | Killed a centaur warrior
 12391 | D:11     | Killed a boulder beetle
 12865 | D:12     | Found a frozen archway.
 12918 | D:12     | Noticed Urug
 12928 | D:12     | Killed Urug
 12929 | D:12     | Reached skill level 5 in Throwing
 12960 | D:12     | Found Rubiwod's Magic Scroll Shop.
 12960 | D:12     | Found Duih's Distillery.
 13249 | Orc:1    | Entered Level 1 of the Orcish Mines
 13854 | Orc:1    | Found Rulot's Assorted Antiques.
 13859 | Orc:1    | Bought a scroll of fog for 108 gold pieces
 13859 | Orc:1    | Bought a wand of iceblast (4) for 259 gold pieces
 13859 | Orc:1    | Bought a scroll of fear for 108 gold pieces
 14037 | Orc:2    | Entered Level 2 of the Orcish Mines
 14056 | Orc:2    | Noticed a centaur warrior
 14057 | Orc:2    | Found a gate leading to a gauntlet.
 14066 | Gauntlet | Entered a Gauntlet
 14066 | Gauntlet | Found a transporter.
 14081 | Gauntlet | Noticed a green death
 14277 | Gauntlet | Found a transporter.
 14290 | Gauntlet | Found a transporter.
 14294 | Gauntlet | Found a transporter.
 14304 | Gauntlet | Found a transporter.
 14324 | Gauntlet | Found a transporter.
 14333 | Gauntlet | Noticed a death scarab
 14334 | Gauntlet | Noticed a death scarab
 14337 | Gauntlet | Found a transporter.
 14357 | Gauntlet | Found a transporter.
 14361 | Gauntlet | Found a transporter.
 14369 | Gauntlet | Found a transporter.
 14387 | Gauntlet | Found a runed translucent door.
 14397 | Gauntlet | Found a runed translucent door.
 14399 | Gauntlet | Found a transporter.
 14399 | Gauntlet | Found a transporter.
 14401 | Gauntlet | Found a runed translucent door.
 14451 | Gauntlet | Killed a green death
 14467 | Gauntlet | Identified the ring "Irocots" {rC+ Int+3 SInv}
 14469 | Gauntlet | Identified the +1 shortbow "Vesyohag" {flame, MP+9 Str+4}
 14491 | Gauntlet | HP: 2/113 [wolf spider simulacrum (20)]
 14493 | Gauntlet | Mangled by a wolf spider simulacrum

Illustrated notes

Levels and vault maps discovered:
D:1:      dpeg_arrival_rooms_a, layout_basic, serial_park_tiny_1,
          kennysheep_boxes
D:2:      layout_basic, dreamdust_ecumenical_altar_hidden_monk_grotto
D:3:      layout_rooms, serial_shops, shop
D:4:      layout_basic, minitemple, kennysheep_flooded_box
D:5:      layout_basic, uniq_pikel
D:6:      layout_rooms, nicolae_uskayaw_dance_studio,
          minmay_temple_entry_arrows, serial_shops, shop, st_stairs_1
D:7:      layout_gridville, gammafunk_ghost_smash, dreamdust_princess_corridor
D:8:      layout_basic, kennysheep_mini, fedhas_bush_and_centaur_altar,
          erik_lair_orcish_takeover, nicolae_lava_and_water,
          minmay_guarded_unrand_variability
D:9:      kennysheep_blocky_room, layout_basic, enter_bailey_2,
          grunt_ministairs_5, nicolae_shop_overcharged_wands
D:10:     layout_basic, lightli_corner_chamber
D:11:     layout_loops_corners, erik_orc_4, wad_scary_box
D:12:     layout_irregular_city, portal_ice_cave_entry_ice_simulacra,
          nicolae_wooded_promenade, tgw_xom, uniq_urug
Temple:   nicolae_temple_bog_church
Orc:1:    layout_diamond_mine, serial_shops, nicolae_shop_hallway_plus
Orc:2:    st_orc_rangers, layout_caves, gauntlet_entry_generic, minmay_orc_keep
Gauntlet: minmay_gauntlet_mixed_oops_all_seconds [minmay_gauntlet_arena_77_path,
          gammafunk_gauntlet_arena_split_diamond,
          minmay_gauntlet_arena_77_double_cross, gammafunk_gauntlet_arena_mazey,
          minmay_gauntlet_arena_77_shame_cube,
          nicolae_gauntlet_arena_flowing_pool, gauntlet_exit_watery]

Skill      XL: |  1  2  3  4  5  6  7  8  9 10 11 12 |
---------------+-------------------------------------+-----
Axes           | 3 4 5 6 8 9 14 16 | 16.0
Fighting       | 9 10 12 | 12.8
Armour         | 8 9 10 | 10.7
Invocations    | 1 3 5 |  5.6
Evocations     | 2 |  2.4
Throwing       | 2 4 5 |  5.4
Dodging        | 2 3 4 |  4.9
Shields        | 4 6 7 |  7.6

Action                     |  1- 3 |  4- 6 |  7- 9 | 10-12 || total
---------------------------+-------+-------+-------+-------++-------
  Melee: War axe           |   106 |   219 |   214 |   627 ||  1166
  Throw: Dart              |       |       |     5 |       ||     5
 Invoke: Divine Shield     |       |       |       |     6 ||     6
         Summon Divine War |       |       |       |     5 ||     5
         Cleansing Flame   |       |       |       |     1 ||     1
    Use: Scroll            |     3 |     4 |     4 |     7 ||    18
         Potion            |       |     8 |     2 |     8 ||    18
 Armour: Scale mail        |    16 |       |       |       ||    16
         Plate armour      |    42 |   173 |    89 |   305 ||   609
  Dodge: Dodged            |    23 |    52 |    46 |   172 ||   293
  Block: Buckler           |    27 |    56 |    21 |   167 ||   271

Table legend: (Time is in decaauts)
 A = Elapsed time spent in this place.
 B = Non-inter-level travel time spent in this place.
 C = Inter-level travel time spent in this place.
 D = Time resting spent in this place.
 E = Time spent auto-exploring this place.
 F = Levels seen in this place.
 G = Mean time per level.
                   A        B        C        D        E       F      G
               +--------+--------+--------+--------+--------+-----+--------+
         Total |  14383 |  13749 |    634 |   2175 |   9082 |  17 |  846.1 |
       Dungeon |  12368 |  11795 |    573 |   1657 |   8124 |  12 | 1030.7 |
        Temple |    322 |    270 |     52 |      0 |    240 |   1 |  322.0 |
  Orcish Mines |    799 |    791 |      8 |    308 |    336 |   2 |  399.5 |
        Bailey |    468 |    468 |      0 |      8 |    264 |   1 |  468.0 |
      Gauntlet |    423 |    423 |      0 |    202 |    118 |   1 |  423.0 |
               +--------+--------+--------+--------+--------+-----+--------+

Top non-repeatable levels by time:
     D:4: 1649 daAuts
     D:8: 1514 daAuts
    D:11: 1408 daAuts
     D:7: 1194 daAuts
     D:2: 1174 daAuts
     D:9: 1007 daAuts
     D:1: 934 daAuts
     D:5: 912 daAuts
    D:10: 837 daAuts
     D:6: 830 daAuts
   Orc:1: 774 daAuts
     D:3: 540 daAuts
  Bailey: 468 daAuts
Gauntlet: 423 daAuts
    D:12: 365 daAuts
